 Dungeon Crawl Stone Soup version 0.27.1-34-g3ba077fa99 (webtiles) character file.

Game seed: 17451263149254895404

232 alasdair19 the Covered (level 5, 0/47 HPs)
             Began as a Minotaur Fighter on Jan 23, 2022.
             Slain by Grinder (6 damage)
             ... on level 3 of the Dungeon.
             The game lasted 00:07:13 (3021 turns).

alasdair19 the Covered (Minotaur Fighter)           Turns: 3021, Time: 00:07:14

Health: 0/47       AC: 13    Str: 20    XL:     5   Next: 73%
Magic:  4/4        EV:  4    Int:  6    God:
Gold:   115        SH:  9    Dex: 10    Spells: 4/4 levels left

rFire    . . .     SeeInvis .   e - +0 falchion
rCold    . . .     Faith    .   c - +0 kite shield
rNeg     . . .     Spirit   .   j - +0 plate armour
rPois    .         Reflect  .   (helmet restricted)
rElec    .         Harm     .   k - +0 cloak
rCorr    .         Rampage  .   (no gloves)
Will     .....                  (no boots)
Stlth    ..........             (no amulet)
HPRegen  0.15/turn              (no ring)
MPRegen  0.09/turn              (no ring)

@: attractive
A: horns 2, retaliatory headbutt
a: no special abilities


You were on level 3 of the Dungeon.
You visited 1 branch of the dungeon, and saw 3 of its levels.

You collected 115 gold pieces.

Inventory:

Hand Weapons
 a - a +0 long sword
 e - a +0 falchion (weapon)
 q - a +0 hunting sling
Missiles
 m - 15 poisoned darts (quivered)
 p - 41 sling bullets
Armour
 b - a +0 scale mail
 c - a +0 kite shield (worn)
 j - a +0 plate armour (worn)
 k - a +0 cloak (worn)
Scrolls
 d - a scroll of teleportation {unknown}
 f - a scroll of fog {unknown}
 g - 2 scrolls of amnesia {unknown}
 i - a scroll of noise {unknown}
 l - a scroll of identify {unknown}
 n - a scroll of enchant armour {unknown}
 o - a scroll of vulnerability {unknown}
Potions
 h - 2 potions of attraction


   Skills:
 + Level 4.7 Fighting
 + Level 4.0 Long Blades
 * Level 2.4(2.5) Slings
 + Level 0.2(1.3) Throwing
 + Level 4.8 Armour
 + Level 4.6 Shields


You had 4 spell levels left.
You didn't know any spells.
Your spell library contained the following spells:

 Spells                   Type           Power      Damage    Failure   Level
 Call Canine Familiar     Summ           0%         N/A       100%        3
 Portal Projectile        Hex/Tloc       0%         N/A       100%        3
 Tukima's Dance           Hex            0%         N/A       100%        3
 Leda's Liquefaction      Hex/Erth       0%         N/A       100%        4
 Passage of Golubria      Tloc           N/A        N/A       100%        4
 Yara's Violent Unravell  Hex/Tmut       0%         3d3       100%        5


Dungeon Overview and Level Annotations

Branches:
Dungeon (3/15)

Altars:
Ru
Yredelemnul

Annotations:
D:3 Grinder


Innate Abilities, Weirdness & Mutations

You have a pair of horns on your head.
You reflexively headbutt those who attack you in melee.


Message History

You writhe in agony.
* * * LOW HITPOINT WARNING * * *
Grinder hits you but does no damage. x2
You can move again.
It was a potion of attraction.
You feel attractive to monsters.
Grinder says, "There's only one good use for a tongue: cutting it out."
Grinder hits you!
* * * LOW HITPOINT WARNING * * *
You hit Grinder but do no damage.
Grinder is heavily wounded.
Grinder gestures at you.
You shrug off the repeated paralysis!
You slash Grinder! You headbutt Grinder.
Grinder is severely wounded.
Grinder blinks!
Grinder is pulled toward you! Grinder gestures at you.
Pain shoots through your body!
* * * LOW HITPOINT WARNING * * *
Grinder is pulled toward you!
You barely miss Grinder.
Grinder is severely wounded.
Grinder hits you but does no damage. x2
You hit Grinder but do no damage.
Grinder is severely wounded.
You block Grinder's attack.
You barely miss Grinder. Your headbutt misses Grinder.
Grinder is severely wounded.
Grinder hits you but does no damage.
You hit Grinder. You headbutt Grinder.
Grinder is almost dead.
Grinder hits you but does no damage. Grinder barely misses you.
You hit Grinder but do no damage.
Grinder is almost dead.
Grinder says, "Just stop there for a second..."
Grinder hits you but does no damage.
You closely miss Grinder.
Grinder is almost dead.
Grinder hits you.
You die...

###
#.########.####.#.#
#.# #.#.# #.# #.#.#
#.# #.#.#
#######.## #.#
.........#
#######..#
##############..#
........@5...)#.#
#####.)......###..
.....#######.# ....
##### #.###### ##


You could see Grinder.

Vanquished Creatures
  An ogre (D:2)
  A gnoll shaman (D:3)
  4 gnolls (D:3)
  An adder (D:2)
  An adder skeleton (D:2)
  A worm (D:2)
  A dart slug (D:2)
  2 orcs (D:3)
  2 ball pythons
  6 endoplasms
  3 giant cockroaches
  4 goblins
  4 hobgoblins
  4 jackals (D:1)
  4 kobolds
  2 quokkas (D:2)
  11 bats
  3 frilled lizards
  4 rats
59 creatures vanquished.

Notes
Turn   | Place    | Note
-------+----------+-------------------------------------------
     0 | D:1      | alasdair19 the Minotaur Fighter began the quest for the
                  | Orb.
     0 | D:1      | Reached XP level 1. HP: 19/19 MP: 0/0
   103 | D:1      | Reached XP level 2. HP: 27/27 MP: 1/1
   722 | D:1      | Found a faded altar of an unknown god.
   982 | D:2      | Reached XP level 3. HP: 33/33 MP: 2/2
  1211 | D:2      | Found a sacrificial altar of Ru.
  1816 | D:2      | Noticed an ogre
  1825 | D:2      | Killed an ogre
  1826 | D:2      | Reached skill level 1 in Slings
  1826 | D:2      | Reached XP level 4. HP: 37/41 MP: 3/3
  1826 | D:2      | Reached XP level 5. HP: 43/47 MP: 4/4
  2419 | D:3      | Found a basalt altar of Yredelemnul.
  2975 | D:3      | Noticed Grinder
  2989 | D:3      | Paralysed by Grinder for 6 turns
  3006 | D:3      | Paralysed by Grinder for 6 turns
  3021 | D:3      | Slain by Grinder

Illustrated notes

Levels and vault maps discovered:
D:1:      ebering_hopf_link, layout_basic,
          shapermc_ecumenical_altar_starsandcircs, st_stairs_10
D:2:      layout_loops_corners, basic_altar, hangedman_decor_opposing,
          minmay_misc_feat_roman, kennysheep_generic_room_6
D:3:      layout_loops_ring, yredelemnul_altar_generic, hex_tiny,
          chequers_serial_rivers_small_3, uniq_grinder

Skill      XL: |  1  2  3  4  5 |
---------------+----------------+-----
Armour         | 4 |  4.8
Fighting       | 4 |  4.7
Shields        | 4 |  4.6
Long Blades    | 3 4 |  4.0
Slings         | 1 2 |  2.4
Throwing       | |  0.2

Action                   |  1- 3 |  4- 6 || total
-------------------------+-------+-------++-------
Melee: Long sword        |    20 |       ||    20
       Headbutt          |    16 |    10 ||    26
       Falchion          |    83 |    57 ||   140
 Fire: Hunting sling     |     7 |    26 ||    33
Throw: Dart              |     5 |     2 ||     7
  Use: Potion            |     1 |     1 ||     2
Armor: Scale mail        |    27 |       ||    27
       Plate armour      |    80 |    37 ||   117
Dodge: Dodged            |    21 |    13 ||    34
Block: Kite shield       |    60 |    38 ||    98
       Rpst.: Long sword |     2 |       ||     2
       Falchion          |     2 |     3 ||     5
